 Dungeon Crawl Stone Soup version 0.16-a0-4038-ge07a62f (webtiles) character file.

7932 Ololoev the Carver (level 11, -5/81 HPs)
             Began as a Mummy Chaos Knight on Feb 19, 2015.
             Killed from afar by a tengu conjurer (23 damage)
             ... with a bolt of lightning
             ... on level 10 of the Dungeon.
             The game lasted 01:11:52 (15357 turns).

Ololoev the Carver (Mummy Chaos Knight)            Turns: 15357, Time: 01:11:52

Health: -5/81      AC: 18    Str: 17    XL:     11   Next: 3%
Magic:  19/19      EV: 12    Int: 12    God:    Xom [...*..]
Gold:   286        SH:  0    Dex: 11    Spells: 1 memorised, 9 levels left

rFire  x . .     SeeInvis .     m - +2 dagger (venom)
rCold  + + .     Clarity  .     E - +7 chain mail of Gozag's Favour {MR+}
rNeg   + + +     SustAb   .     (no shield)
rPois  ∞         Gourm    .     s - +0 helmet
rElec  .         Spirit   .     (no cloak)
rCorr  .         Warding  .     (no gloves)
rMut   .         Stasis   .     (no boots)
MR     ++...                    (no amulet)
Stlth  ..........               F - ring of protection from cold
                                l - +5 ring of evasion

@: very resistant to hostile enchantments, extremely unstealthy
A: no food or potions, fire vulnerability, restore body, cold resistance 1,
negative energy resistance 3, poison resistance, torment resistance, unbreathing
a: Renounce Religion


You were on level 10 of the Dungeon.
You worshipped Xom.
You were a favourite toy of Xom.
You were not hungry.

You visited 1 branch of the dungeon, and saw 10 of its levels.

You collected 384 gold pieces.
You spent 98 gold pieces at shops.

Notes
Turn   | Place    | Note
--------------------------------------------------------------
     0 | D:1      | Ololoev, the Mummy Chaos Knight, began the quest for the Orb.
     0 | D:1      | Reached XP level 1. HP: 18/18 MP: 1/1
   211 | D:1      | Reached XP level 2. HP: 21/24 MP: 2/2
   212 | D:1      | XOM: harmless Trmt miscast
   617 | D:2      | XOM: noise
   626 | D:2      | Reached XP level 3. HP: 18/29 MP: 3/3
   660 | D:2      | XOM: harmless Fire miscast
   838 | D:2      | XOM: smoke on damage
   883 | D:2      | XOM: mild Conj miscast
   916 | D:2      | XOM: divination: magic mapping
  1196 | D:3      | Reached XP level 4. HP: 30/35 MP: 4/4
  1248 | D:3      | XOM: silly message
  1261 | D:3      | HP: 1/35 [worker ant (2)]
  1403 | D:2      | XOM: divination: detect creatures
  1851 | D:3      | XOM: harmless Chrm miscast
  1981 | D:3      | XOM: divination: magic mapping
  1986 | D:3      | XOM: divination: detect items
  1994 | D:3      | Found a shattered altar of Ashenzari.
  2010 | D:3      | Reached skill level 4 in Long Blades
  2010 | D:3      | Reached skill level 1 in Throwing
  2358 | D:3      | XOM: harmless Fire miscast
  2363 | D:3      | Reached XP level 5. HP: 41/41 MP: 5/5
  2620 | D:4      | Noticed an ogre
  2623 | D:4      | XOM: silly message
  2630 | D:4      | Killed an ogre
  2845 | D:4      | XOM: divination: detect items
  2947 | D:4      | Reached XP level 6. HP: 47/47 MP: 6/6
  3122 | D:4      | XOM: divination: magic mapping
  3377 | D:4      | Noticed an ogre
  3384 | D:4      | Killed an ogre
  3549 | D:4      | XOM: mild Air miscast
  3575 | D:4      | XOM: harmless Necr miscast
  3858 | D:5      | Entered Level 5 of the Dungeon
  3982 | D:5      | Reached skill level 5 in Long Blades
  3982 | D:5      | Reached XP level 7. HP: 47/52 MP: 7/7
  4518 | D:5      | XOM: divination: detect creatures
  4689 | D:5      | XOM: noise
  4730 | D:5      | XOM is BORED!
  4730 | D:5      | XOM: medium Chrm miscast
  4912 | D:5      | Found Haeclin's Magic Scroll Shoppe.
  4919 | D:5      | Bought a scroll of magic mapping for 49 gold pieces
  4919 | D:5      | Bought a scroll of amnesia for 49 gold pieces
  4947 | D:5      | XOM: silly message
  5027 | D:5      | XOM: silly message
  5031 | D:5      | Reached XP level 8. HP: 26/58 MP: 8/8
  5261 | D:5      | Reached skill level 6 in Long Blades
  5268 | D:5      | XOM: harmless Summ miscast
  5351 | D:5      | XOM: silly message
  5593 | D:6      | Found an ancient bone altar of Kikubaaqudgha.
  5593 | D:6      | XOM: stealth player
  5628 | D:6      | XOM: harmless Necr miscast
  5665 | D:5      | XOM: harmless Air miscast
  5678 | D:6      | XOM: silly message
  5687 | D:5      | XOM: harmless Divn miscast
  5810 | D:5      | Reached skill level 1 in Evocations
  6223 | D:6      | XOM: summons 5 hostile shadow creatures
  6269 | D:6      | XOM: smoke on damage
  6379 | D:5      | XOM: confuse monster(s)
  6616 | D:5      | XOM: mild Summ miscast
  6618 | D:5      | XOM: enchant monster (bad)
  6666 | D:5      | XOM: confuse monster(s)
  6802 | D:5      | XOM: cast spell 'Dispersal'
  6990 | D:5      | XOM is BORED!
  6990 | D:5      | XOM: silly message
  7205 | D:5      | XOM: confuse monster(s)
  7208 | D:5      | Reached skill level 7 in Long Blades
  7280 | D:5      | XOM: medium Necr miscast
  7392 | D:5      | XOM: summons friendly crimson imp
  7401 | D:5      | Reached XP level 9. HP: 45/63 MP: 14/14
  7719 | D:6      | Found a burning altar of Makhleb.
  7720 | D:6      | Found a radiant altar of Vehumet.
  7720 | D:6      | Found a bloodstained altar of Trog.
  7721 | D:6      | Found a deep blue altar of Sif Muna.
  8050 | D:6      | XOM: mild Hex miscast
  8242 | D:6      | XOM: 6-stop teleportation journey
  8508 | D:7      | XOM: god gift: crooked fluorescent wand {god gift}
  8525 | D:7      | XOM: summons 7 friendly demons
  8643 | D:7      | XOM: 3-stop teleportation journey
  8663 | D:7      | Found a sacrificial altar of Ru.
  8753 | D:7      | XOM: enchant monster (good)
  8756 | D:7      | XOM: summons friendly crimson imp
  8798 | D:7      | XOM: chaos cloud
  8800 | D:7      | Reached skill level 5 in Armour
  8808 | D:7      | XOM: summons friendly white imp
  8812 | D:7      | Reached skill level 5 in Evocations
  9228 | D:7      | Reached skill level 8 in Long Blades
  9333 | D:7      | XOM: vitrification
  9658 | D:7      | XOM: swap monsters
  9684 | D:7      | XOM: summons friendly quasit
  9691 | D:7      | XOM: divination: magic mapping
  9965 | D:7      | XOM: colour smoke trail
 10050 | D:7      | XOM: summons friendly shadow imp
 10197 | D:7      | XOM: mild Erth miscast
 10216 | D:7      | XOM: 1-stop teleportation journey
 10329 | D:7      | XOM: harmless Pois miscast
 10388 | D:7      | Found a staircase to the Ecumenical Temple.
 10490 | D:7      | XOM: polymorph black bear -> troll
 10496 | D:7      | Reached XP level 10. HP: 53/72 MP: 18/18
 10855 | D:7      | XOM: mild Chrm miscast
 10911 | D:7      | XOM: medium Conj miscast
 11022 | D:7      | XOM: summons friendly ufetubus
 11031 | D:7      | Reached skill level 9 in Long Blades
 11034 | D:7      | XOM: summons 2 friendly demons
 11091 | D:7      | XOM is BORED!
 11091 | D:7      | XOM: polymorph ufetubus -> white imp
 11707 | D:8      | Reached skill level 5 in Fighting
 11833 | D:8      | XOM: harmless Necr miscast
 11922 | D:8      | Got a polished chain mail
 11933 | D:8      | Identified the +7 chain mail of Gozag's Favour {MR+} (You took it off an orc on level 8 of the Dungeon)
 12350 | D:8      | Found a shimmering altar of Xom.
 12550 | D:8      | Found a glowing golden altar of the Shining One.
 12804 | D:8      | XOM: confuse monster(s)
 12835 | D:9      | XOM: noise
 13008 | D:9      | Noticed Dowan
 13011 | D:9      | Noticed Duvessa
 13017 | D:9      | Noticed Dowan
 13017 | D:9      | Dowan changed into Dowan the killer bee
 13017 | D:9      | XOM: polymorph Dowan -> Dowan the killer bee
 13019 | D:9      | XOM: cast spell 'Blink'
 13034 | D:9      | XOM: cast spell 'Shadow Creatures'
 13034 | D:9      | Killed Duvessa
 13038 | D:9      | Killed Dowan the killer bee
 13088 | D:9      | Noticed Monkaria's ghost (experienced MiCK)
 13100 | D:9      | XOM: cast spell 'Metabolic Englaciation'
 13119 | D:9      | XOM: enchant monster (good)
 13127 | D:9      | XOM: 4-stop teleportation journey
 13207 | D:9      | XOM: 1-stop teleportation journey
 13217 | D:9      | XOM: harmless Tloc miscast
 13264 | D:9      | XOM: harmless Pois miscast
 13320 | D:9      | XOM: enchant monster (bad)
 13331 | D:9      | XOM: repel stairs
 13391 | D:9      | XOM: 1-stop teleportation journey
 13400 | D:9      | XOM: chaos cloud
 13412 | D:9      | XOM: silly message
 13430 | D:9      | XOM: mild Erth miscast
 13439 | D:9      | XOM: polymorph orc wizard -> boggart
 13458 | D:9      | XOM: fog
 13473 | D:9      | XOM: enchant monster (bad)
 13474 | D:9      | XOM: noise
 13500 | D:8      | XOM: mild Conj miscast
 13681 | D:9      | XOM: noise
 13696 | D:9      | XOM: medium Fire miscast
 13700 | D:9      | XOM: summons 5 hostile demons
 13701 | D:9      | Noticed a soul eater
 13701 | D:9      | XOM: medium Divn miscast
 13705 | D:9      | XOM: 2-stop teleportation journey
 13880 | D:9      | Learned a level 1 spell: Summon Butterflies
 14012 | D:9      | XOM: chaos cloud
 14015 | D:9      | XOM: confusion (+ monsters)
 14024 | D:9      | XOM: mild Tloc miscast
 14034 | D:9      | XOM: swap monsters
 14035 | D:9      | XOM: divination: magic mapping
 14046 | D:9      | XOM: divination: magic mapping
 14058 | D:9      | XOM: swap monsters
 14060 | D:9      | XOM: fog
 14067 | D:9      | XOM: summons 3 friendly demons
 14071 | D:9      | XOM: confuse monster(s)
 14079 | D:9      | XOM: confuse monster(s)
 14383 | D:9      | XOM: harmless Fire miscast
 14387 | D:8      | XOM: blink monster(s)
 14482 | D:8      | XOM: vitrification
 14636 | D:9      | Found an iron altar of Okawaru.
 14732 | D:10     | Entered Level 10 of the Dungeon
 14751 | D:10     | Reached skill level 1 in Summonings
 14843 | D:10     | Reached skill level 10 in Long Blades
 14843 | D:10     | XOM: chaos upgrade
 14898 | D:10     | XOM: noise
 14929 | D:10     | XOM: colour smoke trail
 14950 | D:10     | Noticed a centaur warrior
 14965 | D:10     | XOM: summons friendly iron imp
 14978 | D:10     | Killed a centaur warrior
 15101 | D:10     | XOM: polymorph iron imp -> crimson imp
 15349 | D:10     | Reached XP level 11. HP: 40/81 MP: 19/19
 15357 | D:10     | Killed from afar by a tengu conjurer

Inventory:

Hand weapons
 a - a +0 falchion of freezing
 b - a +0 blowgun
 m - a +2 dagger of venom (weapon)
 z - a +2 long sword
Missiles
 d - a javelin of penetration (quivered)
 i - 14 poisoned needles
 q - 2 throwing nets
 A - a tomahawk of dispersal
Armour
 s - a +0 helmet (worn)
 E - the +7 chain mail of Gozag's Favour (worn) {MR+}
   (You took it off an orc on level 8 of the Dungeon)

   It affects your resistance to hostile enchantments.
Jewellery
 g - an uncursed ring of flight
 l - a +5 ring of evasion (left hand)
 F - a ring of protection from cold (right hand)
Magical devices
 t - a wand of cold (5)
 v - a wand of frost (25)
 w - a wand of draining (0)
 C - a wand of digging (12)
 D - a wand of draining (0)
 G - a wand of fireball (2)
Scrolls
 c - 4 scrolls of enchant armour
 e - 2 scrolls of immolation
 f - 3 scrolls of fear
 h - 2 scrolls of remove curse
 k - 3 scrolls of identify
 n - 3 scrolls of amnesia
 p - a scroll of magic mapping
 u - a scroll of recharging
 B - a scroll of enchant weapon
Books
 j - a book of Beasts

   Spells                             Type                      Level
   a - Summon Butterflies             Summoning                    1
   b - Call Canine Familiar           Summoning                    3
   c - Summon Ice Beast               Ice/Summoning                4
   d - Summon Mana Viper              Hexes/Summoning              5
   e - Monstrous Menagerie            Summoning                    6
   f - Summon Hydra                   Summoning                    7

Table legend:
 A = Turns spent in this place as a percentage of turns spent in the entire game.
 B = Non-inter-level travel turns spent in this place as a percentage of non-inter-level travel turns spent in the entire game.
 C = Inter-level travel turns spent in this place as a percentage of turns spent in this place.
 D = Turns resting spent in this place as a percentage of non-inter-level travel turns spent in this place.
 E = Turns spent auto-exploring this place as a percentage of non-inter-level travel turns spent in this place.
 F = Non-inter-level travel turns spent in this place divided by the number of levels of this place that you've seen.
                   A       B       C       D       E      F
               +-------+-------+-------+-------+-------+----------------------
         Total | 100.0 | 100.0 |   0.7 |   3.9 |   6.7 | 504.6
       Dungeon | 100.0 | 100.0 |   0.7 |   3.9 |   6.7 | 504.6
               +-------+-------+-------+-------+-------+----------------------


   Skills:
 - Level 5.6 Fighting
 * Level 10.2 Long Blades
 - Level 4.7 Throwing
 * Level 6.4 Armour
 - Level 0.7 Dodging
 * Level 2.2 Summonings
 - Level 5.0 Evocations


You had 9 spell levels left.
You knew the following spells:

 Your Spells              Type           Power        Failure   Level  Hunger
a - Summon Butterflies    Summ           #.......     99%         1    N/A

Dungeon Overview and Level Annotations

Branches:
Dungeon (10/15)            Temple (0/1) D:7
   Lair: D:8-11         Orc: D:9-12

Altars:
Ashenzari
Kikubaaqudgha
Makhleb
Okawaru
Ru
Sif Muna
Trog
Vehumet
Xom
The Shining One

Shops:
D:5 ?

Annotations:
D:9 Monkaria's ghost, experienced MiCK


Innate Abilities, Weirdness & Mutations

You do not eat or drink.
Your flesh is vulnerable to fire.
Your flesh is cold resistant.
You are immune to negative energy.
Your system is resistant to poisons.
You are immune to unholy pain and torment.
You can survive without breathing.


Message History

You kill the raven!
You have reached level 11!
The raven misses you. The raven claws you.
Casting: Summon Butterflies
Confirm with . or Enter, or press ? or * to list all spells.
Okay, then.
Okay, then.
You are too injured to fight recklessly!
You are too injured to fight recklessly!
You are too injured to fight recklessly!
You are too injured to fight recklessly!
You hit the raven.
The raven is poisoned.
The raven is lightly wounded.
The raven pecks you but does no damage. The raven claws you!
The raven pecks you! The raven claws you.
You hit the raven.
The raven looks even sicker.
The raven is lightly wounded.
The sentinel's mark upon you fades away.
The raven closely misses you. The raven claws you.
You hit the raven.
The raven looks even sicker.
The raven is moderately wounded.
The raven pecks you but does no damage. The raven claws you but does no damage.
A tengu conjurer comes into view.
Evoke which item? (* to show all) (? for menu, Esc to quit)
Zapping:
w - a wand of draining {zapped: 4} (will waste charges)
Press: ? - help, Shift-Dir - straight line, f - raven
Aim: a raven (moderately wounded, poisoned)
The bolt of negative energy hits the raven.
The raven is drained!
The raven is severely wounded.
Evoking this partially-identified wand wasted a few charges.
The raven barely misses you. The raven claws you but does no damage.
The raven closely misses you. The raven misses you.
The tengu conjurer moves out of view.
You hit the raven.
You kill the raven!
The tengu conjurer points at you and mumbles some strange words.
The bolt of lightning hits you!
You die...
Xom thinks this is hilarious!

###########
#..)...[..#####
+....<....'.(.########
#.........###.##......
#.........# #.(#......
#.........# ##((()....
#....@....# ###).....
#.........# #......
#.(.......# #..)...
#####'##### ####'##
#†# #.# ##.# #.# #.†#
#.# ####Q#### #.# .
#.......# #.#


You could see a tengu conjurer.

Table legend:
 A = Kills in this place as a percentage of kills in entire the game.
 B = Kills by you in this place as a percentage of kills by you in the entire game.
 C = Kills by friends in this place as a percentage of kills by friends in the entire game.
 D = Other kills in this place as a percentage of other kills in the entire game.
 E = Experience gained in this place as a percentage of experience gained in the entire game.
 F = Experience gained in this place divided by the number of levels of this place that you have seen.
                   A       B       C       D       E      F
               +-------+-------+-------+-------+-------+----------------------
         Total | 100.0 | 100.0 | 100.0 | 100.0 | 100.0 | 1133.2
       Dungeon | 100.0 | 100.0 | 100.0 | 100.0 | 100.0 | 1133.2
               +-------+-------+-------+-------+-------+----------------------

Vanquished Creatures
  A centaur warrior (D:10)
  A komodo dragon (D:9)
  A troll (D:7)
  2 ravens (D:10)
  2 hippogriffs (D:8)
  2 hungry ghosts (D:8)
  A steam dragon (D:10)
  3 sky beasts
  A water moccasin (D:7)
  An ice beast (D:8)
  2 orc warriors
  A black bear (D:5)
  3 phantoms
  2 boggarts
  A necrophage (D:5)
  3 centaurs
  11 ogres
  Duvessa (D:9)
  A big kobold (D:7)
  6 giant frogs
  3 gnoll sergeants
  2 scorpions
  16 wights
  6 killer bees
  5 hounds
  A goliath beetle (D:8)
  2 jellies
  3 orc priests (D:8)
  A giant frog skeleton (D:8)
  2 centaur skeletons
  A gnoll shaman (D:10)
  4 crimson imps
  6 orc wizards
  A centaur zombie (D:5)
  5 iguanas
  8 worker ants
  A hound zombie (D:7)
  10 adders
  2 giant mites
  A shadow imp (D:7)
  21 gnolls
  A worm (D:3)
  An adder skeleton (D:4)
  An adder zombie (D:8)
  7 giant geckos
  2 oozes
  61 orcs
  3 bat skeletons
  A bat zombie (D:6)
  5 giant cockroaches
  9 goblins
  17 hobgoblins
  15 jackals
  6 quokkas
  22 bats
  A giant gecko skeleton (D:7)
  6 giant newts
  A jackal zombie (D:5)
  23 kobolds
  2 quokka skeletons (D:8)
  14 rats
345 creatures vanquished.

Vanquished Creatures (collateral kills)
  A centaur (D:10)
  3 gnolls (D:7)
  An adder (D:9)
  An ufetubus (D:9)
6 creatures vanquished.

Vanquished Creatures (others)
  A crimson imp (D:7)
  A quasit (D:7)
  2 iron imps (D:7)
  A white imp (D:7)
  2 shadow imps (D:7)
  An ufetubus (D:7)
  A giant spore (D:10)
  A butterfly (D:3)
10 creatures vanquished.

Grand Total: 361 creatures vanquished

Action                   |  1- 3 |  4- 6 |  7- 9 | 10-12 || total
-------------------------+-------+-------+-------+-------++-------
Melee: Falchion          |   106 |   106 |   296 |   160 ||   668
       Dagger            |       |    55 |   253 |   386 ||   694
       Long sword        |       |       |       |   115 ||   115
 Fire: Blowgun           |       |    35 |   120 |    76 ||   231
Throw: Javelin           |       |     7 |    22 |    12 ||    41
Evoke: Wand              |       |       |     8 |    20 ||    28
  Use: Scroll            |       |     7 |     2 |     7 ||    16
 Stab: Confused          |     1 |     2 |       |     7 ||    10
       Paralysed         |       |       |    12 |     2 ||    14
       Petrifying        |       |       |     1 |       ||     1

Vault maps used:
D:1:      moated_graveyard_arrival
D:3:      ashenzari_conservatory_becter, first_bread
D:4:      minivault_5, hex_large
D:5:      serial_shops, shop
D:6:      minitemple, overflow_temple_1_default, kennysheep_generic_room_9
D:7:      hangedman_ru_absence, minmay_temple_entry_trees
D:8:      kennysheep_little_box, overflow_temple_1_default
D:9:      overflow_temple_1_default, uniq_duvessa
